 Dungeon Crawl Stone Soup version 0.31-a0-1072-g202bf7ea07 (webtiles) character file.

Game seed: 4642587167975358268

427 Gumption the Sneak (level 7, -2/44 (56) HPs)
             Began as a Formicid Brigand on Nov 26, 2023.
             Slain by a wight
             ... wielding a +0 falchion
              (11 damage)
             ... on level 4 of the Dungeon.
             The game lasted 00:49:11 (3745 turns).

Gumption the Sneak (Formicid Brigand)               Turns: 3745, Time: 00:49:12

HP:   -2/44 (56)    AC: 14    Str: 17    XL:     7   Next: 18%
MP:   7/7           EV:  4    Int: 11    God:
Gold: 142           SH:  5    Dex: 15    Spells: 6/6 levels left

rFire   . . .        a - +2 dagger
rCold   . . .        o - +0 buckler
rNeg    . . .        p - +0 plate armour
rPois   .            (helmet unavailable)
rElec   .            x - +2 cloak
rCorr   .            (no gloves)
SInv    +            (no boots)
Will    .....        (no amulet) Stlth
                     (no ring)
HPRegen 0.27/turn    (no ring)
MPRegen 0.10/turn

%: no passive effects
@: heavily drained
A: permanent stasis, dig shafts and tunnels, antennae 3, four strong arms
a: Dig, Shaft Self


You were on level 4 of the Dungeon.
You visited 1 branch of the dungeon, and saw 4 of its levels.

You collected 142 gold pieces.

Inventory:

Hand Weapons
 a - a +2 dagger (weapon)
 b - a +0 sling of freezing
 v - a +0 trident
Missiles
 d - 16 poisoned darts
 w - 2 boomerangs
Armour
 o - a +0 buckler (worn)
 p - a +0 plate armour (worn)
 x - a +2 cloak (worn)
Magical Staves
 k - a staff of poison
Wands
 s - a wand of roots (6)
Scrolls
 f - a scroll of amnesia {unknown}
 h - a scroll of summoning
 i - a scroll of brand weapon {unknown}
 j - a scroll of fear {unknown}
 l - a scroll of enchant armour {unknown}
 q - a scroll of blinking {unknown}
 r - a scroll of torment {unknown}
 t - a scroll of fog {unknown}
 u - a scroll of acquirement {unknown}
Potions
 c - a potion of lignification {unknown}


   Skills:
 + Level 5.0 Fighting
 - Level 2.0 Short Blades
 - Level 2.0 Throwing
 * Level 2.3 Armour
 - Level 0.8 Dodging
 - Level 5.8 Stealth
 + Level 5.4 Shields


You had 6 spell levels left.
You didn't know any spells.
Your spell library contained the following spells:

 Spells                   Type           Power      Damage    Failure   Level
 Ensorcelled Hibernation  Hex/Ice        0%         N/A       100%        2
 Jinxbite                 Hex            0%         N/A       100%        2
 Anguish                  Hex/Necr       0%         N/A       100%        4


Dungeon Overview and Level Annotations

Branches:
Dungeon (4/15)
 Temple: D:4-7

Altars:
Cheibriados
Xom

Shops:
D:1 (=*=(

Annotations:
D:3 exclusion: 2 downstairs
D:4 Grinder


Innate Abilities, Weirdness & Mutations

You cannot be hasted, slowed, berserked, paralysed or teleported.
You can dig through walls and to a lower floor.
You have a pair of large antennae on your head. (SInv)
Your four strong arms can wield two-handed weapons with a shield.


Message History

* * * LOW HITPOINT WARNING * * *
Grinder blinks!
You hit the wight but do no damage.
The wight is moderately damaged.
The wight hits you with a +0 falchion.
* * * LOW HITPOINT WARNING * * *
You closely miss the wight.
The wight is moderately damaged.
The wight hits you but does no damage.
You hit the wight.
The wight is heavily damaged.
The wight hits you with a +0 falchion.
* * * LOW HITPOINT WARNING * * *
You feel drained.
You closely miss the wight.
The wight is heavily damaged.
The wight barely misses you.
You hit the wight.
The wight is severely damaged.
The wight hits you but does no damage.
You hit the wight but do no damage.
The wight is severely damaged.
You hit the wight but do no damage.
The wight is severely damaged.
You block the wight's attack.
You hit the wight.
The wight is severely damaged.
The wight hits you with a +0 falchion.
* * * LOW HITPOINT WARNING * * *
You hit the wight but do no damage.
The wight is severely damaged.
You block the wight's attack.
You hit the wight.
The wight is severely damaged.
The wight hits you with a +0 falchion.
* * * LOW HITPOINT WARNING * * *
You completely miss the wight.
The wight is severely damaged.
The wight hits you with a +0 falchion!
You die...

###...###.....##.#§§.
##....#.(...(..#≈§§
####..#....(......#≈≈≈
##..#..............####
#...........5.......
##[..5.............. {
##.zz##..>..)......
###z###.#...##...
##@####....## ###
#......# ##.....#
##.#.## #####


You could see Grinder and 3 wights.

Vanquished Creatures
  Sigmund (D:2)
  An ogre (D:4)
  A wight (D:4)
  An orc wizard (D:3)
  3 adders
  A worm (D:3)
  A dart slug (D:2)
  4 orcs (D:3)
  7 endoplasms
  2 giant cockroaches
  4 goblins
  7 hobgoblins
  6 jackals
  2 quokkas
  3 ball pythons
  11 bats
  4 frilled lizards
  10 kobolds
  10 rats
79 creatures vanquished.

Notes
Turn   | Place    | Note
-------+----------+-------------------------------------------
     0 | D:1      | Gumption the Formicid Brigand began the quest for the Orb.
     0 | D:1      | Reached XP level 1. HP: 16/16 MP: 1/1
   109 | D:1      | Found Cimakh's Jewellery Shoppe.
   138 | D:1      | Reached skill level 5 in Stealth
   263 | D:1      | Found Qoffor's Antique Weapon Boutique.
   274 | D:1      | Reached XP level 2. HP: 19/23 MP: 2/2
   543 | D:1      | Found Obontuera's Antique Weapon Emporium.
   656 | D:1      | Reached XP level 3. HP: 29/29 MP: 3/3
   802 | D:1      | Found Ditrucym's Assorted Antiques.
  1072 | D:1      | Found Emodd's Jewellery Emporium.
  1210 | D:2      | Found a faded altar of an unknown god.
  1573 | D:2      | Reached XP level 4. HP: 20/23 MP: 4/4
  1778 | D:2      | Reached skill level 1 in Shields
  1793 | D:2      | Noticed Sigmund
  1807 | D:2      | Killed Sigmund
  1808 | D:2      | Reached XP level 5. HP: 24/43 MP: 5/5
  1808 | D:2      | Reached XP level 6. HP: 27/49 MP: 6/6
  1893 | D:2      | Found a shimmering altar of Xom.
  2611 | D:3      | Reached skill level 5 in Shields
  2742 | D:3      | Found a snail-covered altar of Cheibriados.
  3421 | D:4      | Noticed an ogre
  3430 | D:4      | Killed an ogre
  3431 | D:4      | Reached skill level 1 in Armour
  3431 | D:4      | Reached XP level 7. HP: 55/55 MP: 7/7
  3436 | D:4      | Noticed Grinder
  3619 | D:4      | Reached skill level 5 in Fighting
  3745 | D:4      | Slain by a wight

Illustrated notes

Levels and vault maps discovered:
D:1:      ebering_trefoil_3fold, layout_loops_corners, serial_shops,
          nicolae_shop_peninsula, nicolae_shop_waterfront, shop,
          nicolae_shop_advertising_works [nicolae_subvault_shop_adworks],
          nicolae_shop_overgrown_old_shop, minmay_misc_feat_cross
D:2:      layout_rooms, basic_altar, nicolae_ecumenical_oubliette,
          minmay_tiny_reverse_x, uniq_sigmund
D:3:      kennysheep_big_flooded_room, layout_basic,
          mainiacjoe_overflow_tiny_flanked
D:4:      layout_cave_pools, grunt_temple_overflow_open,
          minmay_temple_entry_crystal_x, serial_library_hellmonk_statue_hall,
          kennysheep_small_square, uniq_grinder

Skill      XL: |  1  2  3  4  5  6  7 |
---------------+----------------------+-----
Stealth        | 5 |  5.8
Fighting       | 3 4 5 |  5.0
Shields        | 4 5 |  5.4
Armour         | 1 2 |  2.3
Short Blades   | |  2.0
Throwing       | |  2.0
Dodging        | |  0.8

Action                     |  1- 3 |  4- 6 |  7- 9 || total
---------------------------+-------+-------+-------++-------
  Melee: Dagger            |   116 |   135 |    46 ||   297
   Fire: Sling             |       |     1 |    17 ||    18
  Throw: Dart              |    20 |    24 |     3 ||    47
Ability: Dig               |     1 |       |     1 ||     2
  Evoke: Wand              |       |       |     3 ||     3
    Use: Scroll            |       |     4 |       ||     4
         Potion            |       |       |     1 ||     1
   Stab: Sleeping          |     7 |       |       ||     7
 Armour: Robe              |    61 |       |       ||    61
         Plate armour      |       |   123 |    51 ||   174
         Leather armour    |       |     5 |       ||     5
  Dodge: Dodged            |    72 |    25 |     3 ||   100
  Block: Buckler           |       |    33 |    10 ||    43

Table legend: (Time is in decaauts)
 A = Elapsed time spent in this place.
 B = Non-inter-level travel time spent in this place.
 C = Inter-level travel time spent in this place.
 D = Time resting spent in this place.
 E = Time spent auto-exploring this place.
 F = Levels seen in this place.
 G = Mean time per level.
                   A        B        C        D        E       F      G
               +--------+--------+--------+--------+--------+-----+--------+
         Total |   3736 |   3588 |    148 |    313 |    848 |   4 |  934.0 |
       Dungeon |   3736 |   3588 |    148 |    313 |    848 |   4 |  934.0 |
               +--------+--------+--------+--------+--------+-----+--------+

Top non-repeatable levels by time:
     D:1: 1344 daAuts
     D:3: 1213 daAuts
     D:2: 882 daAuts
     D:4: 296 daAuts
